 Dungeon Crawl Stone Soup version 0.30-a0-782-ge64f9170bb (webtiles) character file.

Game seed: 15485046386650429335

69878 Dirtsage the Severer (level 14, -9/113 HPs)
             Began as a Demonspawn Fighter on Feb 27, 2023.
             Was the Champion of Qazlal.
             Mangled by a wolf spider (27 damage)
             ... on level 2 of the Lair of Beasts.
             The game lasted 01:00:22 (18151 turns).

Dirtsage the Severer (Demonspawn Fighter)          Turns: 18151, Time: 01:00:22

Health: -9/113     AC: 19    Str: 26    XL:     14   Next: 92%
Magic:  24/24      EV: 11    Int:  9    God:    Qazlal [******]
Gold:   1491       SH: 14    Dex: 12    Spells: 13/13 levels left

rFire   + . .      SeeInvis +    a - +4 war axe
rCold   + . .      Faith    +    c - +0 buckler
rNeg    . . .      Spirit   .    J - +0 scale mail
rPois   +          Reflect  .    (helmet restricted)
rElec   .          Harm     .    A - scarf {rC+ rF+}
rCorr   +          Rampage  .    V - +0 pair of gloves
Will    +....                    (no boots) Stlth
                                 o - amulet of Imiecife {Faith rCorr Str+3 SInv}
HPRegen 4.38/turn                j - +4 ring of protection
MPRegen 0.19/turn                W - ring "Ajuob" {rPois rCorr Slay+6}

@: protected from physical damage, studying Dodging, repel missiles
A: antennae 1, molten scales 2, ignite blood 3, powered by death 1
a: Renounce Religion, Upheaval, Elemental Force, Disaster Area


You were on level 2 of the Lair of Beasts.
You worshipped Qazlal.
Qazlal was exalted by your worship.
You visited 5 branches of the dungeon, and saw 20 of its levels.

You collected 3121 gold pieces.
You spent 1630 gold pieces at shops.

Inventory:

Hand Weapons
 a - a +4 war axe (weapon)
 b - a +3 flail of freezing
 E - the +11 trident "Gacad" {drain, rC+ rN+}
   (You found it on level 5 of the Lair of Beasts)

   rC:        It protects you from cold.
   rN:        It protects you from negative energy.
Missiles
 z - 5 silver javelins
 Q - 6 curare-tipped darts (quivered)
 S - a throwing net
Armour
 c - a +0 buckler (worn)
 A - a scarf of resistance (worn)
 J - a +0 scale mail (worn)
 U - a +1 helmet of see invisible
 V - a +0 pair of gloves (worn)
Jewellery
 f - an amulet of the acrobat
 i - the ring "Giro" {rN+ rCorr Dex-3 SInv}
   (You found it on level 9 of the Dungeon)

   [ring of resist corrosion]

   Dex:       It affects your dexterity (-3).
   rN:        It protects you from negative energy.
   SInv:      It lets you see invisible.
   rCorr:     It protects you from acid and corrosion.
 j - a +4 ring of protection (left hand)
 o - the amulet of Imiecife (around neck) {Faith rCorr Str+3 SInv}
   (You acquired it on level 1 of the Lair of Beasts)

   [amulet of faith]

   It allows you to gain divine favour quickly.
   Str:       It affects your strength (+3).
   SInv:      It lets you see invisible.
   rCorr:     It protects you from acid and corrosion.
 G - a +6 ring of strength
 L - a ring of willpower
 M - the ring "Toniwuehum" {rElec rN+}
   (You bought it in a shop on level 1 of the Orcish Mines)

   [ring of positive energy]

   rElec:     It insulates you from electricity.
   rN:        It protects you from negative energy.
 T - a ring of flight
 W - the ring "Ajuob" (right hand) {rPois rCorr Slay+6}
   (You acquired it on level 11 of the Dungeon)

   [ring of resist corrosion]

   Slay:      It affects your accuracy & damage with ranged weapons and melee
   (+6).
   rPois:     It protects you from poison.
   rCorr:     It protects you from acid and corrosion.
 Z - a ring of fire
Wands
 m - a wand of roots (9)
 r - a wand of charming (13)
 y - a wand of flame (14)
 K - a wand of mindburst (8)
 X - a wand of light (5)
Scrolls
 e - 4 scrolls of magic mapping
 g - 3 scrolls of fear
 k - 8 scrolls of enchant weapon
 t - 7 scrolls of teleportation
 u - 3 scrolls of silence
 B - 6 scrolls of blinking
 C - 2 scrolls of immolation
 D - 2 scrolls of torment
 H - 4 scrolls of butterflies
 I - 2 scrolls of vulnerability
 O - a scroll of brand weapon
 P - a scroll of amnesia
 R - a scroll of fog
Potions
 d - a potion of might
 h - 4 potions of berserk rage
 l - 4 potions of heal wounds
 n - 3 potions of invisibility {unknown}
 p - 3 potions of cancellation
 q - 5 potions of curing
 s - 7 potions of lignification
 v - 3 potions of flight {unknown}
 w - a potion of ambrosia {unknown}
 x - 3 potions of attraction {unknown}
 F - 2 potions of brilliance {unknown}
 N - 5 potions of mutation
Miscellaneous
 Y - a lightning rod (4/4)


   Skills:
 + Level 11.4 Fighting
 - Level 16.0 Axes
 + Level 7.4 Armour
 + Level 4.4 Dodging
 + Level 10.4 Shields
 + Level 13.9 Invocations


You had 13 spell levels left.
You didn't know any spells.
Your spell library contained the following spells:

 Spells                   Type           Power      Damage    Failure   Level
 Foxfire                  Conj/Fire      0%         2x1d4     71%         1
 Shock                    Conj/Air       0%         1d3       71%         1
 Swiftness                Air            0%         N/A       97%         3
 Airstrike                Air            0%         2d(0-16)  100%        4
 Summon Lightning Spire   Summ/Air       0%         N/A       100%        4
 Fireball                 Conj/Fire      0%         3d3       100%        5
 Lightning Bolt           Conj/Air       0%         1d11      100%        5
 Starburst                Conj/Fire      0%         6d3       100%        6


Dungeon Overview and Level Annotations

Branches:
Dungeon (11/15)            Temple (1/1) D:4            Lair (5/5) D:11
 Shoals (0/4) Lair:2       Spider (1/4) Lair:2        Slime (0/5) Lair:4
    Orc (2/2) D:9             Elf (0/3) Orc:2

Altars:
Cheibriados
Dithmenos
Gozag
Makhleb
Okawaru
Qazlal
Ru
Sif Muna
Uskayaw
Vehumet
Wu Jian
Yredelemnul
Jiyva

Shops:
D:1 *   Orc:1 =   Orc:2 [:((

Annotations:
D:8 exclusions: oklob plant and oklob sapling


Innate Abilities, Weirdness & Mutations

You have a pair of small antennae on your head.
You are mostly covered in molten scales. (AC +3)
Your demonic aura causes all spilled blood to erupt in flames.
You regenerate a little health from kills.


Message History

You hit the redback.
You kill the redback!
Qazlal accepts your kill.
You slash the redback!
You feel very sick. You block the wolf spider's attack.
The wolf spider bites you!
The redback is engulfed in blazing flames.
The redback bites you but does no damage.
The moth of wrath is engulfed in blazing flames.
The moth of wrath goads the redback on!
The redback goes berserk!
The redback barely misses you.
You take 17 damage, and have 62/113 hp.
You feel very sick.
The wolf spider is engulfed in blazing flames.
You block the wolf spider's attack. The wolf spider bites you!
The redback is struck by lightning.
The redback closely misses you. The redback bites you!
The redback is engulfed in blazing flames.
You kill the redback!
Qazlal accepts your kill.
The wolf spider is engulfed in blazing flames.
The wolf spider closely misses you.
The wolf spider bites you but does no damage.
The moth of wrath is engulfed in blazing flames.
The jumping spider leaps!
The redback bites you!
* * * LOW HITPOINT WARNING * * *
The redback is struck by lightning.
You block the redback's attack.
The wolf spider is engulfed in blazing flames.
The wolf spider hits you!
* * * LOW HITPOINT WARNING * * *
You feel more protected from physical attacks.
The wolf spider closely misses you.
You climb upwards.
Welcome back to the Lair of Beasts!
You feel very sick.
There is a hole to the Spider Nest, spattered with blood here.
You take 43 damage, and have 19/113 hp.
MASSIVE DAMAGE!!
You feel better. The redback bites you!
* * * LOW HITPOINT WARNING * * *
The redback completely misses you. The wolf spider hits you!!
You die...

....### ##...............>P~~..#
......# ##..................P...#
......###.#..........#..........#
........###....##^^..#......##..#
.......##.#..#^^...#####....##..#
............#..##^#..######.###..
....>..###..^#^.##^##.## #####..
......## ##..###^#.###.# #P..
.....## #.###.#@s.#..## ##..
.....P# #...^^.ss#...# ##.
.....## ##..^.°.§§#^## ## ......#
##...##^#.## ......# #######...#
.....## #..^.^..# .....#
##......# .....# ##.......#
.....### #P...#P#.#


You could see a wolf spider (berserk) and 2 redbacks.

Vanquished Creatures
  4 hydras
  Fannar (D:10)
  2 catoblepae
  2 boulder beetles
  Erica (D:11)
  3 two-headed ogres
  A deep troll shaman (Lair:5)
  The ghost of wogdood the Champion of Chaos, a novice DsGl of Makhleb (D:9)
  Urug (Lair:3)
  3 death yaks (Lair:5)
  6 orc high priests (Orc:2)
  A pharaoh ant (Spider:1)
  4 skysharks
  Pikel (D:7)
  A lindwurm (Lair:5)
  2 orc knights
  An oklob plant (Orc:1)
  2 wolf spiders
  A cyclops (Orc:1)
  An orc sorcerer (Orc:2)
  A moth of wrath (D:9)
  16 elephants
  A water nymph (Lair:2)
  5 black mambas
  18 cane toads
  4 rime drakes
  A kobold demonologist (D:9)
  11 komodo dragons
  5 trolls
  2 polar bears
  A hornet (D:9)
  5 blink frogs
  5 dream sheep (Lair:4)
  A slime creature (D:11)
  A culicivora (Lair:2)
  A shadow (D:7)
  4 wyverns
  A vampire (D:11)
  A wraith (D:10)
  62 yaks
  2 basilisks
  9 redbacks
  Grum (D:9)
  2 steam dragons
  3 vampire mosquitoes (D:11)
  10 wargs
  18 water moccasins
  18 orc warriors
  A black bear (Lair:5)
  22 wolves
  7 centaurs
  11 ogres
  3 phantoms
  2 kobold brigands
  14 bullfrogs
  A necrophage (D:7)
  A gnoll sergeant (Orc:1)
  2 scorpions
  5 wights (D:5)
  10 killer bees
  4 electric eels
  8 crimson imps (D:7)
  3 howler monkeys
  Crazy Yiuf (D:6)
  5 hounds
  14 jellies
  A gnoll bouda (D:10)
  42 orc priests
  8 iguanas
  Ijyb (D:3)
  4 hell rats (Lair:1)
  18 orc wizards
  12 gnolls
  12 adders
  4 river rats (D:7)
  A shadow imp (D:6)
  2 white imps
  An ufetubus (D:5)
  2 worms
  The ghost of senseless the Sneak, a weakling OpDe (D:5)
  A dart slug (D:4)
  84 orcs
  5 bats
  25 endoplasms
  3 giant cockroaches
  11 goblins
  8 hobgoblins
  3 quokkas
  18 ball pythons
  4 frilled lizards
  17 kobolds
  4 rats
654 creatures vanquished.

Vanquished Creatures (collateral kills)
  A boulder beetle (D:11)
  Nergalle (Orc:1)
  Lodul (D:11)
  An orc knight (Orc:1)
  A troll (Orc:1)
  An orc warrior (Orc:2)
  4 ogres
  2 orc priests
  2 orc wizards
  4 orcs
18 creatures vanquished.

Vanquished Creatures (others)
  2 orc wizards (Orc:1)
  16 fungi
  67 plants
85 creatures vanquished.

Grand Total: 757 creatures vanquished

Notes
Turn   | Place    | Note
-------+----------+-------------------------------------------
     0 | D:1      | Dirtsage the Demonspawn Fighter began the quest for the
                  | Orb.
     0 | D:1      | Reached XP level 1. HP: 18/18 MP: 1/1
   129 | D:1      | Reached skill level 2 in Axes
   226 | D:1      | Gained mutation: You are partially covered in molten
                  | scales. (AC +2) [demonic ancestry]
   226 | D:1      | Reached XP level 2. HP: 15/24 MP: 2/2
   519 | D:1      | Reached skill level 3 in Axes
   965 | D:1      | Found Vago's Assorted Antiques.
  1210 | D:2      | Reached XP level 3. HP: 29/29 MP: 3/3
  1371 | D:2      | Found a faded altar of an unknown god.
  1912 | D:3      | Gained mutation: You regenerate a little health from kills.
                  | [demonic ancestry]
  1912 | D:3      | Reached XP level 4. HP: 35/35 MP: 4/4
  1914 | D:3      | Reached skill level 4 in Axes
  2069 | D:3      | Noticed Ijyb
  2081 | D:3      | Killed Ijyb
  2267 | D:3      | Found a stormy altar of Qazlal.
  2278 | D:3      | Became a worshipper of Qazlal Stormbringer
  2415 | D:4      | Found a staircase to the Ecumenical Temple.
  2423 | Temple   | Entered the Ecumenical Temple
  2459 | D:4      | Reached XP level 5. HP: 35/41 MP: 5/5
  2493 | D:4      | Reached skill level 5 in Axes
  2616 | D:4      | Noticed a phantom
  2641 | D:4      | Killed a phantom
  2642 | D:4      | Reached XP level 6. HP: 34/47 MP: 6/6
  2766 | D:4      | Reached skill level 6 in Axes
  2953 | D:4      | Reached * piety under Qazlal
  3538 | D:5      | Entered Level 5 of the Dungeon
  3614 | D:5      | Found a runed translucent door.
  3637 | D:5      | Noticed senseless's ghost (weakling OpDe)
  3645 | D:5      | Reached skill level 7 in Axes
  3660 | D:5      | Reached XP level 7. HP: 45/52 MP: 7/7
  3684 | D:5      | Killed senseless's ghost
  3848 | D:5      | Found a hide-covered altar of Uskayaw.
  3914 | D:5      | Reached skill level 8 in Axes
  3966 | D:5      | Found a burning altar of Makhleb.
  3974 | D:5      | Noticed an angel
  3974 | D:5      | Noticed a green death
  4191 | D:6      | Gained mutation: Your demonic aura sometimes causes spilled
                  | blood to erupt in flames. [demonic ancestry]
  4191 | D:6      | Reached XP level 8. HP: 56/58 MP: 8/8
  4201 | D:6      | Reached ** piety under Qazlal
  4262 | D:6      | Reached skill level 9 in Axes
  4322 | D:6      | Found a snail-covered altar of Cheibriados.
  4424 | D:6      | Found a runed translucent door.
  4425 | D:6      | Noticed Crazy Yiuf
  4578 | D:6      | Killed Crazy Yiuf
  4877 | D:6      | Reached skill level 1 in Invocations
  4940 | D:6      | Reached skill level 10 in Axes
  4954 | D:6      | Gained mutation: Your demonic aura often causes spilled
                  | blood to erupt in flames. [demonic ancestry]
  4954 | D:6      | Reached XP level 9. HP: 33/65 MP: 11/11
  5225 | D:5      | Found a radiant altar of Vehumet.
  5485 | D:7      | Found an opulent altar of Gozag.
  5530 | D:7      | Noticed Pikel
  5544 | D:7      | Killed Pikel
  5664 | D:7      | Reached *** piety under Qazlal
  5690 | D:7      | Found a shadowy altar of Dithmenos.
  5768 | D:7      | Reached skill level 5 in Invocations
  5781 | D:7      | Reached skill level 5 in Fighting
  5786 | D:7      | Reached skill level 11 in Axes
  6640 | D:8      | Gained mutation: Your demonic aura causes all spilled blood
                  | to erupt in flames. [demonic ancestry]
  6640 | D:8      | Reached XP level 10. HP: 69/74 MP: 14/14
  6723 | D:8      | Reached skill level 5 in Shields
  6798 | D:8      | Noticed an oklob plant
  6853 | D:8      | Reached **** piety under Qazlal
  6935 | D:8      | Found a basalt altar of Yredelemnul.
  7260 | D:8      | Found an opulent altar of Gozag.
  7274 | D:8      | Found an ornate altar of the Wu Jian Council.
  7376 | D:9      | Noticed an orange demon
  7379 | D:9      | Noticed a smoke demon
  7382 | D:9      | Noticed a soul eater
  7398 | D:9      | Reached skill level 12 in Axes
  7616 | D:9      | Found a sacrificial altar of Ru.
  7621 | D:9      | Noticed Grum
  7638 | D:9      | Killed Grum
  7651 | D:9      | Found a transporter.
  7705 | D:9      | Noticed wogdood's ghost (novice DsGl)
  7705 | D:9      | Noticed a moth of wrath
  7727 | D:9      | Reached ***** piety under Qazlal
  7745 | D:9      | Found a staircase to the Orcish Mines.
  7957 | D:9      | Found a transporter.
  8183 | D:10     | Entered Level 10 of the Dungeon
  8210 | D:10     | Reached XP level 11. HP: 83/83 MP: 16/16
  8413 | D:10     | Found a shimmering blue altar of Sif Muna.
  8762 | D:10     | Noticed Fannar
  8775 | D:10     | Killed Fannar
  8865 | D:10     | Found an iron altar of Okawaru.
  8959 | D:10     | Noticed a two-headed ogre
  8967 | D:10     | Killed a two-headed ogre
  9087 | D:10     | Identified the +0 ring mail of the Moon {Harm Regen+ Int-5}
  9283 | D:10     | Reached skill level 13 in Axes
  9605 | D:11     | Noticed Erica
  9618 | D:11     | Killed Erica
  9735 | D:11     | Identified a scroll of acquirement
  9758 | D:11     | Noticed a two-headed ogre
  9765 | D:11     | Killed a two-headed ogre
  9766 | D:11     | Acquired the ring "Ajuob" {rPois rCorr Slay+6}
  9905 | D:11     | Found a staircase to the Lair.
 10063 | D:11     | Noticed Lodul
 10063 | D:11     | Noticed a boulder beetle
 10067 | D:11     | Killed Lodul
 10068 | D:11     | Reached XP level 12. HP: 93/93 MP: 7/19
 10072 | D:11     | Killed a boulder beetle
 10077 | D:11     | Reached skill level 10 in Invocations
 10483 | Lair:1   | Entered Level 1 of the Lair of Beasts
 10574 | Lair:1   | Reached skill level 14 in Axes
 10620 | Lair:1   | Acquired the amulet of Imiecife {Faith rCorr Str+3 SInv}
 10621 | Lair:1   | Acquired 733 gold pieces
 10962 | Lair:1   | Noticed a catoblepas
 10971 | Lair:1   | Killed a catoblepas
 11445 | Lair:2   | Noticed a seven-headed hydra
 11454 | Lair:2   | Killed a seven-headed hydra
 11961 | Lair:2   | Found a staircase to the Shoals.
 12451 | Lair:2   | Found a hole to the Spider Nest.
 12802 | Lair:3   | Gained mutation: You are mostly covered in molten scales.
                  | (AC +3) [demonic ancestry]
 12802 | Lair:3   | Reached XP level 13. HP: 101/101 MP: 21/21
 12954 | Lair:3   | Identified the +1 leather armour of Aqafukak {rF+++ Dex-2
                  | Stlth+}
 13133 | Lair:3   | Reached skill level 15 in Axes
 13409 | Lair:3   | Reached skill level 5 in Armour
 13949 | Lair:4   | Noticed Urug
 13951 | Lair:4   | Reached skill level 10 in Fighting
 13971 | Lair:3   | Killed Urug
 14268 | Lair:4   | Found a staircase to the Slime Pits.
 14269 | Lair:4   | Found a viscous altar of Jiyva.
 14835 | Lair:5   | Entered Level 5 of the Lair of Beasts
 14849 | Lair:5   | Reached ****** piety under Qazlal
 15054 | Lair:5   | Gained mutation: You have a pair of small antennae on your
                  | head. [demonic ancestry]
 15054 | Lair:5   | Reached XP level 14. HP: 86/111 MP: 23/23
 15238 | Lair:5   | Reached skill level 1 in Dodging
 15393 | Lair:5   | Identified the +11 trident "Gacad" {drain, rC+ rN+}
 15743 | Lair:5   | Reached skill level 16 in Axes
 15789 | Lair:5   | Found the +27 heavy crossbow "Sniper" {heavy, Acc+∞ SInv}
 16230 | D:9      | Killed wogdood's ghost
 16232 | D:9      | Identified the ring "Giro" {rN+ rCorr Dex-3 SInv}
 16294 | Orc:1    | Entered Level 1 of the Orcish Mines
 16295 | Orc:1    | Found Foach's Jewellery Emporium.
 16324 | Orc:1    | Noticed Nergalle
 16334 | Orc:1    | Killed Nergalle
 16373 | Orc:1    | Bought the ring "Toniwuehum" {rElec rN+} for 510 gold
                  | pieces
 16409 | Orc:1    | Reached skill level 10 in Shields
 16735 | Orc:2    | Entered Level 2 of the Orcish Mines
 16933 | Orc:2    | Found Vakyid's Antique Weapon Boutique.
 16933 | Orc:2    | Found Awnuzos's Antique Weapon Shoppe.
 17153 | Orc:2    | Found Rirok's Armour Shoppe.
 17153 | Orc:2    | Found Suchas's Book Boutique.
 17167 | Orc:2    | Bought a manual of Dodging for 1120 gold pieces
 17315 | Orc:2    | Found a staircase to the Elven Halls.
 17884 | Spider:1 | Entered Level 1 of the Spider Nest
 18151 | Lair:2   | Mangled by a wolf spider

Illustrated notes

Levels and vault maps discovered:
D:1:      nagdon_arrival_double_spiral, layout_basic, serial_shops,
          nicolae_shop_waterfront
D:2:      layout_rooms, basic_ecumenical_altar, st_stairs_12
D:3:      layout_basic, grunt_qazlal_clouds, uniq_ijyb
D:4:      layout_basic, elyvilon_altar_3, minmay_temple_entry_wispy,
          dk_vineyard_2
D:5:      layout_cave_pools, grunt_temple_overflow_order_and_chaos_2,
          nicolae_overflow_hidden_temple, ebering_ghost_sewer_d
D:6:      layout_loops_cross, slow_altar_1, sigmund_army,
          uniq_crazy_yiuf_cottage
D:7:      wad_woods_stonehenge, layout_basic, mainiacjoe_overflow_tiny_flanked,
          minmay_nine_imps, uniq_pikel
D:8:      layout_loops_cross, nicolae_overflow_squiral, old_standard_altar,
          introduction_to_nature_2
D:9:      layout_big_octagon, mainiacjoe_overflow_catwalk, orc_0_dummy,
          gammafunk_ghost_berserking_beasts, uniq_grum
D:10:     layout_stronghold, kennysheep_okawaru_gauntlet,
          mainiacjoe_overflow_surrounded_room, enter_bailey_5, uniq_fannar
D:11:     lemuel_slime, layout_small_grid, erik_lair_orcish_takeover,
          uniq_erica, uniq_lodul
Temple:   hellmonk_temple_forest_ring
Lair:1:   layout_roguey, beast_lair_carwin_4, grunt_megastairs_3,
          lemuel_fruit_tree
Lair:2:   layout_gridlike, nicolae_shoals_entry_flooding,
          spider_nest_entry_rubble, serial_bayou, serial_bayou_lagoon_b,
          serial_bayou_pond_e, serial_bayou_pond_b, serial_bayou_pond_b,
          serial_bayou_pond_d
Lair:3:   layout_cave_pods, grunt_megastairs_1, lemuel_fruit_fields,
          infiniplex_staircase_pool
Lair:4:   layout_small_grid, nicolae_slime_entry_field_trip, st_stairs_8,
          minivault_25, serial_bayou_shore_b, uniq_urug
Lair:5:   grunt_lair_end_beastmaster, layout_cave_pods, grunt_megastairs_2
Spider:1: layout_spider_delve, portal_ice_cave_entry_pillars_four
Orc:1:    layout_caves, serial_shops, nicolae_shop_trees, mines3_lemuel,
          uniq_nergalle
Orc:2:    st_orc_town, layout_diamond_mine, nicolae_orc_tapped_out

Skill      XL: |  1  2  3  4  5  6  7  8  9 10 11 12 13 14 |
---------------+-------------------------------------------+-----
Axes           | 2 3 4 5 7 8 10 11 12 13 14 15 16 | 16.0
Invocations    | 3 5 7 9 11 12 13 | 13.9
Shields        | 3 4 6 7 8 9 10 | 10.4
Fighting       | 5 6 8 9 10 11 | 11.4
Armour         | 4 6 7 |  7.4
Dodging        | 4 |  4.4

Action                     |  1- 3 |  4- 6 |  7- 9 | 10-12 | 13-15 || total
---------------------------+-------+-------+-------+-------+-------++-------
  Melee: War axe           |   114 |   166 |   388 |   464 |   558 ||  1690
         Flail             |       |       |       |     5 |     5 ||    10
  Throw: Dart              |       |       |       |     2 |       ||     2
 Invoke: Upheaval          |       |       |       |     5 |     7 ||    12
         Elemental Force   |       |       |       |     2 |     3 ||     5
  Evoke: Wand              |       |       |     1 |     1 |       ||     2
    Use: Potion            |       |     1 |       |       |     4 ||     5
         Scroll            |       |     6 |     5 |     8 |     5 ||    24
   Stab: Paralysed         |       |       |       |     1 |     1 ||     2
 Armour: Scale mail        |    61 |    88 |   134 |   175 |   143 ||   601
  Dodge: Dodged            |    67 |    89 |   153 |   179 |   143 ||   631
         Repelled          |       |       |       |     5 |     2 ||     7
  Block: Buckler           |    27 |    42 |   130 |   275 |   306 ||   780

Table legend: (Time is in decaauts)
 A = Elapsed time spent in this place.
 B = Non-inter-level travel time spent in this place.
 C = Inter-level travel time spent in this place.
 D = Time resting spent in this place.
 E = Time spent auto-exploring this place.
 F = Levels seen in this place.
 G = Mean time per level.
                   A        B        C        D        E       F      G
               +--------+--------+--------+--------+--------+-----+--------+
         Total |  18115 |  16741 |   1374 |    620 |  12939 |  20 |  905.8 |
       Dungeon |  10833 |   9861 |    972 |    126 |   7619 |  11 |  984.8 |
        Temple |      1 |      1 |      0 |      0 |      0 |   1 |    1.0 |
          Lair |   5900 |   5635 |    265 |    464 |   4409 |   5 | 1180.0 |
   Spider Nest |     18 |     18 |      0 |      0 |      0 |   1 |   18.0 |
  Orcish Mines |   1361 |   1226 |    135 |     30 |    910 |   2 |  680.5 |
               +--------+--------+--------+--------+--------+-----+--------+

Top non-repeatable levels by time:
    D:10: 1523 daAuts
  Lair:2: 1429 daAuts
  Lair:3: 1308 daAuts
     D:6: 1271 daAuts
  Lair:1: 1230 daAuts
     D:1: 1209 daAuts
  Lair:5: 1192 daAuts
     D:4: 1177 daAuts
     D:7: 1017 daAuts
     D:9: 921 daAuts
    D:11: 906 daAuts
     D:8: 906 daAuts
   Orc:2: 874 daAuts
  Lair:4: 740 daAuts
     D:5: 666 daAuts
